 Dungeon Crawl Stone Soup version 0.21.1-1-g345015f (webtiles) character file.

9806 Mesmaeker13 the Grappler (level 11, -6/113 HPs)
             Began as a Troll Monk on May 29, 2018.
             Was a High Priest of Trog.
             Mangled by a skeletal warrior
             ... wielding a +0 halberd
              (22 damage)
             ... on level 11 of the Dungeon.
             The game lasted 00:19:52 (10089 turns).

Mesmaeker13 the Grappler (Troll Monk)              Turns: 10089, Time: 00:19:52

Health: -6/113     AC:  7    Str: 28    XL:     11   Next: 27%
Magic:  13/13      EV: 15    Int:  6    God:    Trog [*****.]
Gold:   1813       SH:  0    Dex: 14    Spells: 10/10 levels left

rFire    + . .     SeeInvis .     - Unarmed
rCold    . . .     Gourm    +   (no shield)
rNeg     . . .     Faith    .   a - +1 robe
rPois    .         Spirit   .   (helmet restricted)
rElec    .         Reflect  .   J - +0 cloak
rCorr    .         Harm     .   (gloves unavailable)
MR       .....                  (boots unavailable)
Stlth    ++........             (no amulet)
HPRegen  0.68/turn              d - ring of protection from fire
MPRegen  0.13/turn              r - +6 ring of strength

@: berserk cooldown, slowed, very slow
A: large, unfitting armour, claws 3, fast metabolism 3, gourmand, regeneration
1, shaggy fur 1, tough skin 2
a: Berserk, Trog's Hand, Brothers in Arms, Burn Spellbooks, Renounce Religion


You were on level 11 of the Dungeon.
You worshipped Trog.
Trog was extremely pleased with you.
You were near starving.

You visited 1 branch of the dungeon, and saw 11 of its levels.
You also visited: Bailey.

You collected 1939 gold pieces.
You spent 126 gold pieces at shops.

Inventory:

Hand Weapons
 v - a +0 blowgun
 w - a +1 morningstar
 y - a +3 trident
 L - a +2 hand crossbow of freezing
Missiles
 i - 74 poisoned needles
 D - 19 tomahawks (quivered)
 G - 34 tomahawks of returning
Armour
 a - a +1 robe (worn)
 J - a +0 cloak (worn)
Jewellery
 d - a ring of protection from fire (left claw)
 k - an uncursed ring of flight
 q - an uncursed ring of resist corrosion
 r - a +6 ring of strength (right claw)
 z - an uncursed ring of poison resistance {unknown}
Wands
 n - a wand of paralysis (10)
 A - a wand of clouds (2)
 M - a wand of acid (8)
Scrolls
 c - 7 scrolls of teleportation
 h - a scroll of fog
 B - a scroll of enchant weapon
 C - 2 scrolls of enchant armour
 K - a scroll of remove curse
 N - a scroll of magic mapping {unknown}
Potions
 e - 2 potions of invisibility
 f - 2 potions of brilliance
 g - 3 potions of curing
 j - a potion of agility {unknown}
 l - 4 potions of lignification
 o - a potion of ambrosia {unknown}
 p - 4 potions of haste
 s - a potion of magic {unknown}
 t - 2 potions of might
 u - 2 potions of berserk rage
 x - a potion of flight {unknown}
 O - a potion of cancellation {unknown}
Miscellaneous
 I - a phantom mirror
Comestibles
 b - 21 rations


   Skills:
 + Level 8.6 Fighting
 + Level 8.6 Dodging
 - Level 1.0 Stealth
 + Level 10.2 Unarmed Combat
 + Level 4.2 Evocations


You had 10 spell levels left.
You didn't know any spells.

Dungeon Overview and Level Annotations

Branches:
Dungeon (11/15)            Temple (0/1) D:7            Lair (0/6) D:8
    Orc (0/2) D:10

Altars:
Ashenzari
Cheibriados
Dithmenos
Elyvilon
Fedhas
Hepliaklqana
Nemelex Xobeh
Okawaru
Qazlal
Ru
Trog
Vehumet
Wu Jian
Yredelemnul
Zin

Shops:
D:9 [   D:10 :


Innate Abilities, Weirdness & Mutations

You are too large for most types of armour.
You have claws for hands.
Your metabolism is lightning-fast.
You like to eat raw meat.
Your natural rate of healing is unusually fast.
You are covered in fur. (AC +1)
You have very tough skin. (AC +2)


Message History

The skeletal warrior hits you with a halberd!
* * * LOW HITPOINT WARNING * * *
You closely miss the skeletal warrior.
The skeletal warrior is almost destroyed.
The skeletal warrior hits you with a halberd!
* * * LOW HITPOINT WARNING * * *
You scratch the skeletal warrior but do no damage.
The skeletal warrior is almost destroyed.
The skeletal warrior hits you with a halberd.
* * * LOW HITPOINT WARNING * * *
You feel much better.
The skeletal warrior hits you with a halberd!!
* * * LOW HITPOINT WARNING * * *
You feel much better.
The skeletal warrior hits you with a halberd!!
* * * LOW HITPOINT WARNING * * *
The skeletal warrior barely misses you.
You feel better.
The skeletal warrior hits you with a halberd!!
You die...

#.............#
###...........#.#
.$............... ######
#.............
#.....##..........8.8 #.#
#......#.##.....) ##.#
##.....#.##.8....
#..####.##....##....<.
#....@z.##.#..###..(..
######..#######.#....##.(..
........# #.##.##.#####
...##...## #.##.# #.#
#.>.#.....# #)##.# #.#
#...#.#.#.######.##.# #.#
#...#.#.#.....##.##.###.#
#...#.#.#####.##..#..##.# #
#.......# #.###.##.##.#


You could see a skeletal warrior.

Vanquished Creatures
  The ghost of diana the Impaler, a journeyman MfGl of Okawaru (D:9)
  The ghost of Mesmaeker13 the Arsonist, a journeyman GrFE of Vehumet (D:10)
  A skeletal warrior (D:11)
  Pikel (D:6)
  An ugly thing (D:11)
  2 gargoyles (D:11)
  A troll (D:10)
  2 hornets
  A hungry ghost (D:10)
  A swamp drake (D:10)
  8 orc warriors
  3 ice beasts
  A black bear (D:11)
  A sky beast (D:11)
  5 ogres
  3 slaves (D:6)
  10 centaurs
  2 big kobolds
  4 bullfrogs
  A wyvern skeleton (D:10)
  6 scorpions
  12 killer bees
  7 wights (D:11)
  3 crimson imps
  A bullfrog zombie (D:6)
  5 hounds
  9 orc priests
  2 jellies
  3 bullfrog skeletons
  A centaur skeleton (D:4)
  2 iguanas (D:11)
  Jessica (D:3)
  Ijyb (D:3)
  Natasha (thrice) (D:3)
  11 orc wizards
  7 worker ants
  A hound zombie (D:11)
  A worker ant zombie (D:10)
  4 gnolls
  11 adders
  A shadow imp (D:9)
  2 oozes
  An adder zombie (D:5)
  An adder skeleton (D:5)
  7 worms
  9 dart slugs
  5 leopard geckos
  35 orcs
  3 bats (D:1)
  3 giant cockroaches
  17 goblins
  8 hobgoblins
  5 jackals
  A quokka (D:7)
  3 ball pythons
  6 frilled lizards
  2 jackal skeletons (D:6)
  38 kobolds
  A leopard gecko skeleton (D:7)
  9 rats
298 creatures vanquished.

Notes
Turn   | Place    | Note
-------+----------+-------------------------------------------
     0 | D:1      | Mesmaeker13 the Troll Monk began the quest for the Orb.
     0 | D:1      | Reached XP level 1. HP: 22/22 MP: 0/0
   165 | D:1      | Reached XP level 2. HP: 28/29 MP: 1/1
   417 | D:1      | Found a snail-covered altar of Cheibriados.
   874 | D:2      | Found a hazy altar of Hepliaklqana.
   882 | D:2      | Reached XP level 3. HP: 25/36 MP: 2/2
  1787 | D:3      | Noticed Jessica
  1835 | D:3      | Reached XP level 4. HP: 42/45 MP: 3/3
  1872 | D:3      | Noticed Ijyb
  1911 | D:3      | Killed Ijyb
  1911 | D:3      | Reached skill level 4 in Unarmed Combat
  1944 | D:3      | Noticed Natasha
  1949 | D:3      | Found an ornate altar of the Wu Jian Council.
  1954 | D:3      | Killed Natasha
  1954 | D:3      | Reached XP level 5. HP: 27/53 MP: 4/4
  2154 | D:3      | Noticed Natasha
  2157 | D:3      | Killed Jessica
  2159 | D:3      | Killed Natasha
  2227 | D:3      | Noticed Natasha
  2246 | D:3      | Killed Natasha
  2442 | D:3      | Found a stormy altar of Qazlal.
  2442 | D:3      | Found a sacrificial altar of Ru.
  2444 | D:3      | Found a glowing silver altar of Zin.
  2565 | D:3      | Reached XP level 6. HP: 61/62 MP: 5/5
  3075 | D:3      | Reached skill level 5 in Unarmed Combat
  3158 | D:3      | Reached XP level 7. HP: 59/70 MP: 6/6
  3308 | D:4      | Found a radiant altar of Vehumet.
  3421 | D:4      | Found a shadowy altar of Dithmenos.
  3559 | D:4      | Found a shattered altar of Ashenzari.
  3803 | D:4      | Found a bloodstained altar of Trog.
  3804 | D:4      | Found an iron altar of Okawaru.
  3851 | D:4      | Became a worshipper of Trog the Wrathful
  3851 | D:4      | Reached * piety under Trog
  3851 | D:4      | Reached ** piety under Trog
  3866 | D:5      | Entered Level 5 of the Dungeon
  3866 | D:5      | Found a blossoming altar of Fedhas.
  4280 | D:5      | Found a basalt altar of Yredelemnul.
  4400 | D:6      | Reached skill level 6 in Unarmed Combat
  4406 | D:6      | Reached skill level 5 in Fighting
  4406 | D:6      | Reached skill level 5 in Dodging
  4478 | D:6      | Reached XP level 8. HP: 56/80 MP: 7/7
  4792 | D:6      | Noticed Pikel
  4801 | D:6      | Killed Pikel
  5049 | D:6      | Found a sparkling altar of Nemelex Xobeh.
  5178 | D:7      | Reached skill level 7 in Unarmed Combat
  5214 | D:7      | Found a staircase to the Ecumenical Temple.
  5222 | D:7      | Reached *** piety under Trog
  5393 | D:7      | Reached XP level 9. HP: 89/89 MP: 8/8
  5877 | D:8      | Found a flagged portal.
  5890 | Bailey   | Entered a bailey
  5937 | Bailey   | Reached skill level 8 in Unarmed Combat
  6036 | Bailey   | Reached **** piety under Trog
  6138 | Bailey   | Found the +6 shillelagh "Devastator" {shatter}
  6417 | D:8      | Found a white marble altar of Elyvilon.
  6456 | D:8      | Found a staircase to the Lair.
  6531 | D:9      | Noticed diana's ghost (journeyman MfGl)
  6911 | D:9      | Found Ahikuo's Antique Armour Boutique.
  6914 | D:9      | Bought a cloak for 126 gold pieces
  6943 | D:9      | Killed diana's ghost
  6943 | D:9      | Reached skill level 1 in Evocations
  7000 | D:9      | Reached XP level 10. HP: 64/102 MP: 10/10
  7308 | D:10     | Entered Level 10 of the Dungeon
  7525 | D:10     | Reached skill level 9 in Unarmed Combat
  7564 | D:10     | Noticed Mesmaeker13's ghost (journeyman GrFE)
  7588 | D:10     | Killed Mesmaeker13's ghost
  7985 | D:10     | Reached ***** piety under Trog
  8263 | D:10     | Found a staircase to the Orcish Mines.
  8265 | D:10     | Received a gift from Trog
  8723 | D:10     | Found Car Pem's Book Shop.
  8838 | D:11     | Noticed a skeletal warrior
  8838 | D:11     | Noticed a skeletal warrior
  9211 | D:11     | Noticed a gargoyle
  9225 | D:11     | Killed a gargoyle
  9311 | D:11     | Noticed a skeletal warrior
  9563 | D:11     | Reached XP level 11. HP: 106/111 MP: 12/12
  9625 | D:11     | Reached skill level 10 in Unarmed Combat
  9723 | D:11     | Noticed a purple ugly thing
  9732 | D:11     | Killed a purple ugly thing
 10059 | D:11     | Noticed a skeletal warrior
 10075 | D:11     | Killed a skeletal warrior
 10085 | D:11     | HP: 2/113 [skeletal warrior/halberd (14)]
 10089 | D:11     | Mangled by a skeletal warrior

Skill      XL: |  1  2  3  4  5  6  7  8  9 10 11 |
---------------+----------------------------------+-----
Fighting       | 3 4 5 6 7 8 |  8.6
Dodging        | 3 4 5 6 7 8 |  8.6
Unarmed Combat | 4 5 6 7 8 9 10 | 10.2
Evocations     | 1 3 4 |  4.2
Stealth        | |  1.0

Action                   |  1- 3 |  4- 6 |  7- 9 | 10-12 || total
-------------------------+-------+-------+-------+-------++-------
Melee: Unarmed           |   120 |   164 |   354 |   330 ||   968
       Punch             |     1 |     2 |     5 |    17 ||    25
Invok: Burn Spellbooks   |       |       |     1 |     1 ||     2
       Berserk           |       |       |     5 |     7 ||    12
       Trog's Hand       |       |       |     1 |       ||     1
Evoke: Wand              |       |       |    15 |     2 ||    17
  Use: Scroll            |     1 |     2 |    11 |     4 ||    18
       Potion            |       |     1 |     1 |     4 ||     6
 Stab: Sleeping          |     2 |       |     5 |     3 ||    10
       Confused          |       |       |       |     2 ||     2
       Paralysed         |       |       |       |     2 ||     2
  Eat: Chunk             |    15 |    20 |    39 |    29 ||   103
       Ration            |       |       |       |     1 ||     1
Armor: Robe              |    27 |    37 |    69 |    63 ||   196
Dodge: Dodged            |    64 |    96 |   236 |   213 ||   609
